 Dungeon Crawl Stone Soup version 0.30-a0-534-gdc55766716 (webtiles) character file.

Game seed: 2168972562509952358

2113 Sabo the Covered (level 9, -6/118 HPs)
             Began as an Armataur Fighter on Dec 24, 2022.
             Was a Believer of Qazlal.
             Mangled by Maggie
             ... wielding a +1 glaive of venom
              (7 damage)
             ... on level 7 of the Dungeon.
             The game lasted 00:32:47 (6369 turns).

Sabo the Covered (Armataur Fighter)                 Turns: 6369, Time: 00:32:47

Health: -6/118     AC: 28    Str: 26    XL:     9   Next: 8%
Magic:  9/9        EV:  1    Int:  8    God:    Qazlal [**....]
Gold:   87         SH: 16    Dex: 10    Spells: 8/8 levels left

rFire   + . .      SeeInvis .    c - +0 broad axe
rCold   + . .      Faith    .    x - +0 kite shield
rNeg    . . .      Spirit   .    (body armour currently unavailable)
rPois   +          Reflect  +    (helmet currently unavailable)
rElec   +          Harm     .    (cloak currently unavailable)
rCorr   +          Roll     +    (gloves currently unavailable)
Will    .....      NoTele   +    (no barding)
Stlth   +                        A - amulet of reflection
HPRegen 0.39/turn                b - ring of flight
MPRegen 0.11/turn                s - +4 ring of protection

@: lethally poisoned (-6 -> -12), tree-form, resistant, mesmerised
A: stationary, stasis, torment immunity, boosted hp, large, rugged brown scales
3, (deformed body), (armoured tail), roll, long tongue, awkward tongue
a: Renounce Religion, Upheaval


You were on level 7 of the Dungeon.
You worshipped Qazlal.
Qazlal was pleased with you.
You were a tree.
You visited 1 branch of the dungeon, and saw 7 of its levels.
You also visited: Sewer.

You collected 352 gold pieces.
You spent 265 gold pieces at shops.

Inventory:

Hand Weapons
 a - a +2 short sword of venom
 c - a +0 broad axe (weapon)
 j - a +0 sling
 q - a +0 battleaxe
 u - a +0 sling
 w - a +2 flail of protection
 B - a +5 long sword
Missiles
 t - 3 javelins (quivered)
Armour
 e - a +1 helmet (melded)
 x - a +0 kite shield (worn)
 C - a +3 chain mail of fire resistance (melded)
Jewellery
 b - a ring of flight (left branch)
 s - a +4 ring of protection (right branch)
 A - an amulet of reflection (around neck)
Wands
 y - a wand of mindburst (20)
Scrolls
 h - 4 scrolls of teleportation
 i - 2 scrolls of fear
 l - 2 scrolls of poison
 n - 3 scrolls of enchant weapon
 p - 2 scrolls of fog
Potions
 d - a potion of might
 m - a potion of invisibility {unknown}
 o - 2 potions of berserk rage
 r - a potion of lignification
 v - a potion of experience {unknown}
 z - a potion of flight {unknown}
 E - a potion of curing {unknown}


   Skills:
 + Level 5.2 Fighting
 + Level 6.7 Axes
 + Level 0.4 Throwing
 + Level 7.2 Armour
 + Level 2.4 Dodging
 + Level 0.9 Stealth
 + Level 5.3 Shields


You had 8 spell levels left.
You didn't know any spells.
Your spell library contained the following spells:

 Spells                   Type           Power      Damage    Failure   Level
 Scorch                   Fire           0%         2d5       82%         2
 Sublimation of Blood     Necr           0%         N/A       82%         2
 Wereblood                Tmut           0%         N/A       82%         2
 Inner Flame              Hex/Fire       0%         N/A       96%         3
 Cause Fear               Hex            0%         N/A       100%        4
 Flame Wave               Conj/Fire      0%         2d4       100%        4
 Summon Cactus Giant      Summ           0%         N/A       100%        6
 Malign Gateway           Summ/Tloc      0%         N/A       100%        7
 Summon Hydra             Summ           0%         N/A       100%        7
 Discord                  Hex            0%         N/A       100%        8
 Summon Horrible Things   Summ           0%         N/A       100%        8


Dungeon Overview and Level Annotations

Branches:
Dungeon (7/15)             Temple (0/1) D:7           Sewer (visited)

Altars:
Cheibriados
Kikubaaqudgha
Qazlal

Shops:
D:4 [

Annotations:
D:7 Maggie


Innate Abilities, Weirdness & Mutations

You are a tree.
Your roots penetrate the ground, keeping you stationary.
You cannot be teleported.
You are immune to unholy pain and torment.
Your maximum health is greatly increased.
Your equipment is partially melded.
(You are completely covered in rugged brown scales. (AC +3, +7% HP))
((Armour fits poorly on your strangely shaped body.))
((You have a long armoured tail.))
You roll when moving toward enemies. (Rampage)
Your long tongue fully drains potion bottles. (2x potion effects)
Your tongue gives you trouble enunciating. (1.5x scroll delay)


Message History

You miss something.
You feel very sick. You block Maggie's attack. Something hits you.
Something shocks you.
Maggie hits you with a +1 glaive of venom.
You are more poisoned.
A sky beast appears from thin air!
Reactivating autopickup.
The sky beast barely misses you.
You slash Maggie! You tail-slap Maggie, but do no damage.
Maggie is moderately wounded.
You closely miss the sky beast.
You feel very sick. You block the sky beast's attack.
You block Maggie's attack.
You slash Maggie!
Your tail-slap misses Maggie.
Maggie is severely wounded.
You hit the sky beast.
You feel very sick.
Maggie hits you with a +1 glaive of venom!
* * * LOW HITPOINT WARNING * * *
You block the sky beast's attack.
You slurp down every last drop of the 2 dark potions!
It was a potion of lignification.
You turn into a tree.
Your +1 helmet melds into your body.
Your +3 chain mail of fire resistance melds into your body.
You feel less resistant to fire.
Your roots penetrate the ground.
* * * LOW HITPOINT WARNING * * *
You feel sick.
Maggie casts a spell.
Maggie attempts to bespell you!
You are mesmerised by Maggie!
You block the sky beast's attack.
You slurp down every last drop of the bubbling brown potion!
It was a potion of resistance.
You feel protected.
* * * LOW HITPOINT WARNING * * *
You feel sick.
The sky beast hits you but does no damage.
Maggie is struck by lightning.
Maggie hits you with a +1 glaive of venom!
You die...

.....##.. ........ ###..
##### ........
#.........# ##.......
....#.#...# ####...#....
.........# #≈≈≈≈~~##...
..#.#.#.#.# ####...###..
......@...# #..#.## #..
#.#.#.#♣#.####....# ##.
#.....Y§†......#### ##
....#.#.......## ####
.......>......#######...
........####............
.........###..........##
....................###
.............#....###
............####...# #


You could see Maggie (mesmerising) and a sky beast.

Vanquished Creatures
  Edmund (D:4)
  A water moccasin (D:6)
  A black bear (D:6)
  2 ogres (D:6)
  2 phantoms
  3 bullfrogs
  A necrophage (D:4)
  4 scorpions
  4 wights (D:6)
  3 vampire bats (D:4)
  2 hounds
  A jelly (D:7)
  3 orc priests (D:4)
  A gnoll bouda (D:5)
  An iron imp (D:6)
  2 iguanas
  5 orc wizards
  A hell rat (Sewer)
  4 gnolls
  10 adders
  2 river rats (Sewer)
  A shadow imp (D:6)
  A white imp (D:6)
  4 worms
  3 dart slugs
  7 orcs
  4 bat skeletons (D:4)
  2 bat zombies (D:4)
  3 endoplasms
  9 giant cockroaches
  A goblin (D:4)
  4 hobgoblins
  2 jackals (D:3)
  4 quokkas
  10 ball pythons
  7 bats
  5 frilled lizards
  8 kobolds
  9 rats
138 creatures vanquished.

Notes
Turn   | Place    | Note
-------+----------+-------------------------------------------
     0 | D:1      | Sabo the Armataur Fighter began the quest for the Orb.
     0 | D:1      | Reached XP level 1. HP: 19/19 MP: 1/1
   131 | D:1      | Reached XP level 2. HP: 26/26 MP: 2/2
   138 | D:1      | Reached skill level 4 in Armour
   332 | D:1      | Reached XP level 3. HP: 33/33 MP: 3/3
   605 | D:2      | Found a stormy altar of Qazlal.
   656 | D:2      | Became a worshipper of Qazlal Stormbringer
   687 | D:2      | Identified the +1 scale mail of Entitlement {Harm}
   854 | D:2      | Reached XP level 4. HP: 40/40 MP: 4/4
  1155 | D:2      | Found a faded altar of an unknown god.
  1736 | D:3      | Reached XP level 5. HP: 47/49 MP: 5/5
  2037 | D:4      | Reached * piety under Qazlal
  2256 | D:4      | Noticed a phantom
  2271 | D:4      | Killed a phantom
  2272 | D:4      | Reached skill level 5 in Armour
  2272 | D:4      | Reached XP level 6. HP: 50/55 MP: 6/6
  2370 | D:4      | Found Zuyshrefa's Armour Shoppe.
  2855 | D:4      | Reached skill level 1 in Dodging
  2995 | D:4      | Found an ancient bone altar of Kikubaaqudgha.
  2998 | D:4      | Reached XP level 7. HP: 61/63 MP: 7/7
  3165 | D:4      | Noticed Edmund
  3177 | D:4      | Killed Edmund
  3492 | D:5      | Entered Level 5 of the Dungeon
  3568 | D:5      | Found a glowing drain.
  3577 | Sewer    | Entered a sewer
  3649 | Sewer    | Reached ** piety under Qazlal
  3978 | D:5      | Reached skill level 5 in Axes
  3986 | D:5      | Reached skill level 6 in Armour
  4229 | D:5      | Reached XP level 8. HP: 55/71 MP: 8/8
  4529 | D:6      | Reached skill level 5 in Fighting
  4550 | D:6      | Reached skill level 5 in Shields
  4729 | D:6      | Reached skill level 7 in Armour
  5546 | D:6      | Found a snail-covered altar of Cheibriados.
  5553 | D:6      | Reached XP level 9. HP: 73/79 MP: 9/9
  5893 | D:4      | Bought a +3 chain mail of fire resistance for 265 gold
                  | pieces
  5972 | D:7      | Found a staircase to the Ecumenical Temple.
  6358 | D:7      | Noticed Maggie
  6367 | D:7      | HP: 2/79 [Maggie/+1 glaive of venom (14)]
  6369 | D:7      | Mangled by Maggie

Illustrated notes

Levels and vault maps discovered:
D:1:      saegor_arrival_simple_b, layout_rooms, minmay_tall_x
D:2:      layout_basic, hellmonk_ecumenical_altar_heavens_door, basic_altar,
          kennysheep_nondescript, grunt_decor_clamped, minmay_misc_feat_chi,
          corexii_hall_statues_x, grunt_ministairs_10, serial_park_tiny_1
D:3:      layout_basic
D:4:      layout_basic, kennysheep_vampire_church, serial_shops,
          nicolae_lakefront_shop, uniq_edmund
D:5:      layout_rooms, portal_sewer_entry_d, kennysheep_dice
D:6:      layout_basic, chei_slow_surprise, chequers_serial_rivers_small_a
D:7:      layout_layer_cave, trog_butcher_becter,
          minmay_temple_entry_mini_moons, serial_rivers,
          chequers_serial_rivers_marsh, chequers_serial_rivers_marsh,
          chequers_serial_rivers_room_a, chequers_serial_rivers_micro_b,
          chequers_serial_rivers_micro_c, st_stairs_2, nrook_pool_corridor,
          kennysheep_generic_room_15, uniq_maggie, uniq_prince_ribbit1

Skill      XL: |  1  2  3  4  5  6  7  8 |
---------------+-------------------------+-----
Armour         | 4 5 6 7 |  7.2
Fighting       | 3 4 5 |  5.2
Axes           | 2 3 5 6 |  6.7
Shields        | 4 5 |  5.3
Dodging        | 1 2 |  2.4
Throwing       | |  0.4
Stealth        | |  0.9

Action                   |  1- 3 |  4- 6 |  7- 9 || total
-------------------------+-------+-------+-------++-------
Melee: War axe           |    88 |    98 |       ||   186
       Tailslap          |     2 |    18 |    20 ||    40
       Battleaxe         |       |    42 |    71 ||   113
       Broad axe         |       |       |   115 ||   115
Throw: Javelin           |       |     3 |     2 ||     5
  Use: Scroll            |     1 |     5 |     7 ||    13
       Potion            |       |       |     2 ||     2
Armor: Scale mail        |    73 |   104 |   105 ||   282
       Chain mail        |       |       |     5 ||     5
       Skin              |       |       |     1 ||     1
Dodge: Dodged            |    36 |    42 |    76 ||   154
Block: Buckler           |    15 |    15 |       ||    30
       Kite shield       |       |       |    96 ||    96
       Other             |       |       |     8 ||     8

Table legend: (Time is in decaauts)
 A = Elapsed time spent in this place.
 B = Non-inter-level travel time spent in this place.
 C = Inter-level travel time spent in this place.
 D = Time resting spent in this place.
 E = Time spent auto-exploring this place.
 F = Levels seen in this place.
 G = Mean time per level.
                   A        B        C        D        E       F      G
               +--------+--------+--------+--------+--------+-----+--------+
         Total |   6562 |   6562 |      0 |   1159 |      0 |   8 |  820.2 |
       Dungeon |   6413 |   6413 |      0 |   1129 |      0 |   7 |  916.1 |
         Sewer |    149 |    149 |      0 |     30 |      0 |   1 |  149.0 |
               +--------+--------+--------+--------+--------+-----+--------+

Top non-repeatable levels by time:
     D:4: 1670 daAuts
     D:6: 1386 daAuts
     D:2: 937 daAuts
     D:5: 852 daAuts
     D:1: 589 daAuts
     D:3: 554 daAuts
     D:7: 421 daAuts
   Sewer: 149 daAuts
